 Dungeon Crawl Stone Soup version 0.18-a0-1782-gb76a692 (webtiles) character file.

71726 LernaeanJelly the Phalangite (level 15, -6/126 HPs)
             Began as a Merfolk Berserker on Apr 17, 2016.
             Was a High Priest of Trog.
             Mangled by a merfolk
             ... wielding a +0 trident
              (10 damage)
             ... on level 2 of the Depths.
             The game lasted 01:20:54 (22177 turns).

LernaeanJelly the Phalangite (Merfolk Berserker)   Turns: 22177, Time: 01:20:54

Health: -6/126     AC: 28    Str: 21    XL:     15   Next: 37%
Magic:  15/15      EV: 17    Int:  9    God:    Trog [*****.]
Gold:   98         SH:  0    Dex: 17    Spells: 0 memorised, 14 levels left

rFire  + + .     SeeInvis .     U - +4 bardiche (chop)
rCold  + + .     Gourm    .     N - +3 chain mail of Focus {rF++ Str+6 Dex-5}
rNeg   . . .     Faith    .     (shield currently unavailable)
rPois  .         Spirit   .     b - +2 helmet
rElec  .         Dismiss  .     R - +0 cloak of Sunlight {+Inv rC+ Str-5 Int+3}
rCorr  .         Reflect  .     D - +2 pair of gloves
SustAt .         Harm     .     T - +0 pair of boots
MR     +....                    (no amulet)
Stlth  ..........               M - +6 ring of protection
                                p - +4 ring of dexterity

@: lethally poisoned (-6 -> -24), exhausted, hasted, very quick, somewhat
resistant to hostile enchantments, extremely unstealthy
A: change form in water, swift swim, fangs 1, repulsion field 1, cold resistance
1, sense surroundings 1
a: Berserk, Trog's Hand, Brothers in Arms, Burn Spellbooks, Renounce Religion,
Evoke Invisibility


You were on level 2 of the Depths.
You worshipped Trog.
Trog was extremely pleased with you.
You were not hungry.

You visited 2 branches of the dungeon, and saw 17 of its levels.

You collected 2389 gold pieces.
You spent 2203 gold pieces at shops.

Inventory:

Hand Weapons
 g - a +0 blowgun
   (You found it on level 11 of the Dungeon)
 F - a +2 antimagic glaive
   (Trog gifted it to you on level 13 of the Dungeon)
 U - a +4 bardiche of chopping (weapon)
   (Trog gifted it to you on level 9 of the Dungeon)
 X - a +0 trident
   (You took it off an orc on level 9 of the Dungeon)
Missiles
 B - 4 throwing nets
 S - 16 curare-tipped needles
Armour
 b - a +2 helmet (worn)
   (You took it off Robin on level 4 of the Dungeon)
 D - a +2 pair of gloves (worn)
   (You found it on level 13 of the Dungeon)
 N - the +3 chain mail of Focus (worn) {rF++ Str+6 Dex-5}
   (You found it on level 6 of the Dungeon)

   It affects your strength (+6).
   It affects your dexterity (-5).
   It greatly protects you from fire.
 R - the +0 cloak of Sunlight (worn) {+Inv rC+ Str-5 Int+3}
   (You found it on level 7 of the Dungeon)

   It affects your strength (-5).
   It affects your intelligence (+3).
   It protects you from cold.
   It lets you turn invisible.
 T - a +0 pair of boots (worn)
   (You found it on level 8 of the Dungeon)
Rods
 q - a +5 rod of shadows (11/11)
   (You bought it in a shop on level 15 of the Dungeon)
Jewellery
 l - an uncursed ring of flight
   (You took it off a hobgoblin on level 1 of the Dungeon)
 n - an uncursed ring of ice
   (You found it on level 4 of the Dungeon)
 p - a +4 ring of dexterity (left hand)
   (You found it on level 8 of the Dungeon)
 M - a +6 ring of protection (right hand)
   (You found it on level 7 of the Dungeon)
Wands
 a - a wand of acid (6/15)
   (You found it on level 12 of the Dungeon)
 r - a wand of paralysis (11/24)
   (You found it on level 6 of the Dungeon)
 u - a wand of disintegration (2/24)
   (You found it on level 13 of the Dungeon)
 x - a wand of disintegration (5/24)
   (You found it on level 15 of the Dungeon)
 E - a wand of slowing (11/48)
   (You found it on level 5 of the Dungeon)
 L - a wand of polymorph (16/24)
   (You found it on level 9 of the Dungeon)
 P - a wand of lightning (8/15)
   (You found it on level 7 of the Dungeon)
 W - a wand of acid (8/15)
   (You found it on level 10 of the Dungeon)
Scrolls
 e - 2 scrolls of fog
 m - 5 scrolls of recharging
 v - 4 scrolls of remove curse
 y - a scroll of teleportation
 z - 3 scrolls of enchant armour
 A - a scroll of vulnerability
Potions
 d - a potion of lignification
 f - a potion of berserk rage
 i - a potion of brilliance
 t - a potion of might
 G - a potion of magic
 J - a potion of flight
Miscellaneous
 k - a sack of spiders
   (You found it on level 10 of the Dungeon)
 C - a phial of floods (inert)
   (You bought it in a shop on level 15 of the Dungeon)
 V - a legendary deck of defence {drawn: 6}
   (You bought it in a shop on level 15 of the Dungeon)
Comestibles
 c - 10 bread rations {@e1}
 h - 7 meat rations {@e2}
 o - 7 fruits
 s - 5 beef jerkies


   Skills:
 - Level 14.0 Fighting
 + Level 24.8 Polearms
 - Level 6.2 Armour
 - Level 13.1 Dodging


You had 14 spell levels left.
You didn't know any spells.

Dungeon Overview and Level Annotations

Branches:
Dungeon (15/15)            Temple (0/1) D:6            Lair (0/8) D:9
    Orc (0/2) D:11         Vaults (0/5) D:13         Depths (2/5) D:15

Altars:
Ashenzari
Dithmenos
Elyvilon
Fedhas
Kikubaaqudgha
Nemelex Xobeh
Pakellas
Trog
Vehumet
Yredelemnul
The Shining One
Lugonu

Shops:
D:15 [}

Portals:
Hell: Depths:1

Annotations:
D:9 exclusion: downstairs
D:11 exclusion: downstairs
D:13 exclusions: downstairs and 1 more exclusion


Innate Abilities, Weirdness & Mutations

You revert to your normal form in water.
You are very nimble and swift while swimming.
You have very sharp teeth.
You are surrounded by a mild repulsion field (EV +2).
Your flesh is cold resistant.
You passively map a small area around you.


Message History

The golden dragon bites you but does no damage.
The golden dragon misses you.
The golden dragon completely misses you.
The yaktaur shoots a bolt.
The bolt hits you but does no damage.
Unknown command.
You closely miss the golden dragon.
You feel sick. The merfolk closely misses you.
The golden dragon bites you but does no damage.
The golden dragon claws you but does no damage.
The golden dragon misses you.
The merfolk aquamancer hits you but does no damage.
You are more poisoned.
The yaktaur shoots a bolt.
The bolt closely misses you.
You take 2 damage, and have 83/126 hp.
Unknown command.
You hit the golden dragon but do no damage.
You bite the golden dragon, but do no damage.
You feel sick. The golden dragon breathes cold at you.
The bolt of cold hits you!
The merfolk hits you but does no damage.
The merfolk aquamancer hits you but does no damage.
You take 2 damage, and have 81/126 hp.
Unknown command.
You hit the golden dragon but do no damage.
Your bite misses the golden dragon.
You feel sick. The golden dragon misses you.
The golden dragon barely misses you.
The golden dragon tramples you but does no damage.
The yaktaur shoots a bolt.
The bolt hits you but does no damage. The merfolk closely misses you.
The merfolk aquamancer hits you with a rapier of venom!
* * * LOW HITPOINT WARNING * * *
You are more poisoned.
The golden dragon bites you.
* * * LOW HITPOINT WARNING * * *
The golden dragon claws you.
* * * LOW HITPOINT WARNING * * *
The golden dragon tramples you but does no damage.
You take 23 damage, and have 58/126 hp.
Unknown command.
Drink which item? (? for menu, Esc to quit)
Okay, then.
Drink which item? (? for menu, Esc to quit)
You feel very mighty all of a sudden.
You feel very sick. The merfolk closely misses you.
The merfolk aquamancer misses you.
The yaktaur shoots a bolt.
The bolt hits you!
* * * LOW HITPOINT WARNING * * *
The golden dragon bites you!!
* * * LOW HITPOINT WARNING * * *
The golden dragon completely misses you.
The golden dragon closely misses you.
The merfolk hits you but does no damage.
The merfolk aquamancer completely misses you.
You take 41 damage, and have 17/126 hp.
MASSIVE DAMAGE!!
Drink which item? (? for menu, Esc to quit)
Okay, then.
Okay, then.
Your chain mail of Focus prevents you from hitting the golden dragon.
You bite the golden dragon!
You kill the golden dragon!
Trog accepts your kill.
* * * LOW HITPOINT WARNING * * *
You feel very sick. The merfolk closely misses you.
The merfolk aquamancer closely misses you.
You take 3 damage, and have 14/126 hp.
Unknown command.
Drink which item? (? for menu, Esc to quit)
Okay, then.
You carve the merfolk aquamancer like a ham!!!
You kill the merfolk aquamancer!
Trog accepts your kill.
Trog appreciates your killing of a magic user.
* * * LOW HITPOINT WARNING * * *
You feel very sick.
The yaktaur unwields an uncursed arbalest.
The yaktaur hits you but does no damage.
The merfolk misses you.
You take 3 damage, and have 11/126 hp.
Unknown command.
Drink which item? (? for menu, Esc to quit)
Your magical effects are unravelling.
You feel magically purged.
You feel yourself speed up.
You feel a little less mighty now.
* * * LOW HITPOINT WARNING * * *
You feel very sick. The yaktaur hits you.
* * * LOW HITPOINT WARNING * * *
The merfolk barely misses you. The yaktaur barely misses you.
You take 6 damage, and have 5/126 hp.
Unknown command.
Drink which item? (? for menu, Esc to quit)
Okay, then.
You draw a card...
It is the Potion.
You feel yourself speed up.
* * * LOW HITPOINT WARNING * * *
You feel sick.
The merfolk hits you from afar with a trident!
You die...

####### ##.$[[.##
#### #.......# ##..##
#.......#
##<...######m###'##
#.)>)..##...........
,
#...##+#.)@c........
##))#......#...##...
##)'...............
#####(......#...##,
#................. ,
,
*#.....#......#...##
, ,,
#.....#............ ,
*................#..,
, ,
*.≈≈≈.............. ,


You could see a merfolk and a yaktaur.

Vanquished Creatures
  A golden dragon (Depths:2)
  Rupert (D:14)
  A fire giant (D:15)
  An ettin (D:15)
  2 vault guards
  Josephine (D:15)
  A yaktaur captain (D:13)
  Harold (D:10)
  4 hydras
  3 centaur warriors
  3 rakshasas
  An ogre mage (D:15)
  A merfolk aquamancer (Depths:2)
  A catoblepas (D:13)
  6 tengu warriors
  Urug (D:15)
  A deep elf knight (D:15)
  An unseen horror (D:9)
  A wizard (Depths:2)
  3 deep trolls
  A deep elf archer (D:15)
  A giant orange brain (Depths:1)
  Pikel (D:6)
  A wolf spider zombie (D:15)
  7 hill giants
  17 ugly things
  A cyclops (D:15)
  A wolf spider (D:12)
  A deep elf mage (D:15)
  Maurice (D:10)
  A guardian serpent (Depths:2)
  An ice statue (D:15)
  2 gargoyles
  An efreet (D:12)
  6 centaur skeletons
  4 kobold demonologists
  A komodo dragon (D:13)
  2 yaktaurs (Depths:2)
  3 tengu conjurers (D:15)
  3 trolls
  A wind drake (shapeshifter) (D:15)
  A harpy skeleton (D:15)
  3 two-headed ogres
  6 slime creatures
  4 water elementals
  5 wraiths
  2 shadows
  A spriggan (D:11)
  3 wyverns
  5 yaks (D:11)
  Grum (D:9)
  A fire elemental (D:14)
  A basilisk (D:15)
  7 hippogriffs
  3 hungry ghosts
  7 vampire mosquitoes
  2 mottled dragons
  3 soldier ants
  A hell hound (Depths:2)
  Duvessa (D:6)
  18 water moccasins
  A wasp (D:15)
  5 ice beasts
  5 orc warriors
  3 phantoms
  4 sky beasts
  3 black bears
  4 eyes of draining
  10 ogres
  4 wolves (D:9)
  19 centaurs
  3 big kobolds
  9 giant frogs
  A water moccasin skeleton (D:9)
  4 scorpions
  5 killer bees (D:10)
  9 wights
  5 howler monkeys
  4 crimson imps
  A quasit (D:13)
  4 centaur zombies
  4 giant frog skeletons
  2 giant frog zombies
  8 orc priests
  A gnoll shaman (D:5)
  9 hounds
  16 orc wizards
  Jessica (D:2)
  3 iguanas
  9 worker ants
  3 sheep (D:15)
  2 hound zombies
  2 hound skeletons
  Robin (D:4)
  9 gnolls
  28 adders
  3 shadow imps
  2 oozes
  2 worms
  6 giant geckos
  69 orcs
  3 ball pythons
  8 giant cockroaches
  28 goblins
  12 hobgoblins
  11 jackals
  16 kobolds
  3 quokkas
  10 bats
  7 giant newts
  A quokka skeleton (D:8)
  5 rats
  2 plants (Depths:1)
556 creatures vanquished.

Vanquished Creatures (collateral kills)
  A juggernaut skeleton (Depths:1)
  Azrael (D:14)
  An entropy weaver (D:15)
  An ice dragon (Depths:1)
  2 deep troll earth magi (Depths:1)
  A deep troll shaman (Depths:1)
  3 deep trolls
  5 ugly things (D:14)
  A troll (D:14)
  A redback (D:15)
  A water elemental (Depths:1)
  A shadow (D:14)
  3 fire elementals (D:14)
  2 hell hounds (D:14)
  A centaur (D:14)
  Dowan (D:6)
26 creatures vanquished.

Vanquished Creatures (others)
  A hell hog (Depths:2)
  An ugly thing (D:14)
  2 giant frogs (D:6)
  7 orcs (D:6)
  A giant newt (D:6)
  7 demonic plants (D:12)
  5 plants
24 creatures vanquished.

Grand Total: 606 creatures vanquished

Notes
Turn   | Place    | Note
--------------------------------------------------------------
     0 | D:1      | LernaeanJelly the Merfolk Berserker began the quest for the Orb.
     0 | D:1      | Reached XP level 1. HP: 18/18 MP: 1/1
    18 | D:1      | Reached skill level 5 in Polearms
    18 | D:1      | Reached XP level 2. HP: 9/24 MP: 2/2
   513 | D:1      | Reached XP level 3. HP: 17/29 MP: 3/3
   664 | D:1      | Reached skill level 6 in Polearms
  1308 | D:2      | Reached ** piety under Trog
  1311 | D:2      | Noticed Jessica
  1320 | D:2      | Killed Jessica
  1320 | D:2      | Reached skill level 7 in Polearms
  1320 | D:2      | Reached XP level 4. HP: 35/35 MP: 4/4
  1560 | D:2      | HP: 6/35 [hobgoblin/spear (5)]
  2336 | D:3      | Reached skill level 8 in Polearms
  2336 | D:3      | Reached XP level 5. HP: 33/41 MP: 5/5
  2743 | D:3      | Found a glowing golden altar of the Shining One.
  2752 | D:3      | Found a shattered altar of Ashenzari.
  2819 | D:3      | Reached *** piety under Trog
  3373 | D:4      | Reached skill level 9 in Polearms
  3551 | D:4      | Found a radiant altar of Vehumet.
  3652 | D:4      | Noticed an ogre
  3684 | D:4      | Killed an ogre
  3684 | D:4      | Reached XP level 6. HP: 33/47 MP: 6/6
  3838 | D:4      | Reached skill level 10 in Polearms
  3899 | D:4      | Noticed a sky beast
  3915 | D:4      | Killed a sky beast
  3919 | D:4      | Gained mutation: You are occasionally teleported next to monsters. [mutagenic meat]
  3920 | D:4      | Gained mutation: Your flesh is cold resistant. [mutagenic meat]
  4017 | D:4      | Found an oddly glowing altar of Pakellas.
  4072 | D:4      | Reached XP level 7. HP: 34/52 MP: 7/7
  4282 | D:4      | Reached **** piety under Trog
  4282 | D:4      | Reached skill level 11 in Polearms
  4460 | D:4      | Noticed Robin
  4557 | D:4      | Killed Robin
  5192 | D:5      | Entered Level 5 of the Dungeon
  5478 | D:5      | Reached skill level 12 in Polearms
  5491 | D:5      | Reached ***** piety under Trog
  6206 | D:5      | Reached XP level 8. HP: 55/58 MP: 8/8
  6525 | D:5      | Received a gift from Trog
  6619 | D:6      | Reached skill level 13 in Polearms
  6630 | D:6      | Noticed Pikel
  6631 | D:6      | Got a smoking chain mail
  6639 | D:6      | Killed Pikel
  6639 | D:6      | Reached skill level 14 in Polearms
  6686 | D:6      | Identified the +3 chain mail of Focus {rF++ Str+6 Dex-5} (You found it on level 6 of the Dungeon)
  6781 | D:6      | Found a staircase to the Ecumenical Temple.
  6909 | D:6      | Noticed Duvessa
  6916 | D:6      | Reached skill level 15 in Polearms
  6916 | D:6      | HP: 19/87 [orc priest/divine providence (11)]
  6918 | D:6      | Killed Duvessa
  6918 | D:6      | Reached XP level 9. HP: 21/64 MP: 9/9
  6920 | D:6      | HP: 6/96 [orc priest/divine providence (11)]
  6935 | D:6      | Noticed Dowan
  6937 | D:6      | HP: 8/96 [Dowan/shard of ice (4)]
  6939 | D:6      | Gained mutation: You possess an exceptional clarity of mind. [potion of mutation]
  6939 | D:6      | Gained mutation: You are agile. (Dex +2) [potion of mutation]
  6939 | D:6      | Gained mutation: You passively map a small area around you. [potion of mutation]
  6943 | D:6      | Killed Dowan
  7500 | D:7      | Reached skill level 16 in Polearms
  7613 | D:7      | Found a sparkling altar of Nemelex Xobeh.
  7623 | D:7      | Found a basalt altar of Yredelemnul.
  7626 | D:7      | Found an ancient bone altar of Kikubaaqudgha.
  7629 | D:7      | Found a bloodstained altar of Trog.
  8183 | D:7      | Found a blossoming altar of Fedhas.
  8328 | D:7      | Got a distressingly furry cloak
  8492 | D:7      | Identified the +0 cloak of Sunlight {+Inv rC+ Str-5 Int+3} (You found it on level 7 of the Dungeon)
  8506 | D:7      | Gained mutation: You have very sharp teeth. [potion of mutation]
  8506 | D:7      | Gained mutation: Your spells are a little easier to cast, but a little less powerful. [potion of mutation]
  8506 | D:7      | Gained mutation: Your natural rate of healing is unusually fast. [potion of mutation]
  8507 | D:7      | Gained mutation: Your body sometimes deteriorates upon taking damage. [potion of mutation]
  8611 | D:8      | Reached skill level 17 in Polearms
  8637 | D:8      | Gained mutation: You are robust (+10% HP). [potion of beneficial mutation]
  9099 | D:8      | Reached skill level 18 in Polearms
  9184 | D:9      | Reached XP level 10. HP: 74/77 MP: 10/10
  9264 | D:9      | Noticed a green ugly thing
  9282 | D:9      | Killed a green ugly thing
  9364 | D:9      | Found a staircase to the Lair.
  9556 | D:9      | Noticed Grum
  9558 | D:9      | Reached skill level 19 in Polearms
  9576 | D:9      | Killed Grum
  9876 | D:9      | Found a white marble altar of Elyvilon.
 10169 | D:9      | Received a gift from Trog
 10331 | D:9      | Killed an unseen horror
 10331 | D:9      | Reached skill level 20 in Polearms
 10560 | D:10     | Entered Level 10 of the Dungeon
 10753 | D:10     | Noticed Harold
 10783 | D:10     | Killed Harold
 10783 | D:10     | Reached XP level 11. HP: 62/82 MP: 11/11
 10874 | D:10     | Reached skill level 21 in Polearms
 11588 | D:10     | Noticed a hill giant
 11600 | D:10     | Killed a hill giant
 12035 | D:11     | Noticed Maurice
 12539 | D:10     | Killed Maurice
 13010 | D:10     | Reached skill level 22 in Polearms
 13110 | D:11     | Noticed a five-headed hydra
 13252 | D:9      | Killed a six-headed hydra
 13497 | D:11     | Received a gift from Trog
 13686 | D:11     | Reached skill level 23 in Polearms
 14081 | D:11     | Reached ****** piety under Trog
 14083 | D:11     | Received a gift from Trog
 14177 | D:11     | Noticed a four-headed hydra
 14191 | D:11     | Killed a four-headed hydra
 14191 | D:11     | Reached skill level 2 in Armour
 14191 | D:11     | Reached XP level 12. HP: 58/89 MP: 12/12
 14345 | D:11     | Reached skill level 3 in Armour
 14362 | D:11     | Gained mutation: You are weak. (Str -2) [mutagenic meat]
 14670 | D:11     | Found a staircase to the Orcish Mines.
 14716 | D:12     | Reached skill level 4 in Armour
 14953 | D:12     | Reached skill level 5 in Armour
 14997 | D:12     | Gained mutation: You expend magic power (3 MP) to strengthen your wands. [mutagenic meat]
 14998 | D:12     | Lost mutation: You expend magic power (3 MP) to strengthen your wands. [mutagenic meat]
 15007 | D:12     | HP: 19/89 [sixfirhy[a kobold demonologist] (9)]
 15285 | D:12     | Reached skill level 6 in Armour
 15343 | D:12     | Reached skill level 3 in Dodging
 15361 | D:12     | Reached skill level 4 in Fighting
 15361 | D:12     | Reached skill level 4 in Dodging
 15546 | D:12     | Reached skill level 5 in Fighting
 15546 | D:12     | Reached skill level 5 in Dodging
 15570 | D:12     | Gained mutation: You can translocate small distances at will. [mutagenic meat]
 15625 | D:12     | Found a corrupted altar of Lugonu.
 15957 | D:13     | Noticed an eight-headed hydra
 15969 | D:13     | Killed an eight-headed hydra
 15969 | D:13     | Reached skill level 6 in Dodging
 16031 | D:13     | Noticed a centaur warrior
 16098 | D:13     | Noticed a yaktaur captain
 16110 | D:13     | Killed a centaur warrior
 16110 | D:13     | Reached skill level 6 in Fighting
 16110 | D:13     | Reached XP level 13. HP: 92/102 MP: 13/13
 16158 | D:12     | HP: 22/103 [acid (7)]
 16163 | D:12     | HP: 13/103 [brown ugly thing (3)]
 16381 | D:11     | Reached skill level 7 in Dodging
 16386 | D:11     | Lost mutation: You are robust (+10% HP). [mutagenic meat]
 16387 | D:11     | Gained mutation: You occasionally shout uncontrollably at your foes. [mutagenic meat]
 16493 | D:12     | Reached skill level 7 in Fighting
 16505 | D:13     | Killed a yaktaur captain
 16505 | D:13     | Reached skill level 8 in Dodging
 16966 | D:13     | Noticed a vault guard
 16998 | D:13     | Received a gift from Trog
 16998 | D:13     | Reached skill level 8 in Fighting
 16998 | D:13     | Reached skill level 9 in Dodging
 17004 | D:13     | Killed a vault guard
 17467 | D:13     | Found a gate to the Vaults.
 17530 | D:14     | Noticed Rupert
 17546 | D:14     | Killed Rupert
 17546 | D:14     | Reached skill level 9 in Fighting
 17546 | D:14     | Reached skill level 10 in Dodging
 17564 | D:14     | Noticed Azrael
 17582 | D:14     | Killed Azrael
 17585 | D:14     | Reached skill level 11 in Dodging
 17639 | D:14     | Lost mutation: Your spells are a little easier to cast, but a little less powerful. [mutagenic meat]
 17640 | D:14     | Lost mutation: You occasionally shout uncontrollably at your foes. [mutagenic meat]
 17641 | D:14     | Gained mutation: You are surrounded by a mild repulsion field (EV +2). [mutagenic meat]
 17943 | D:14     | Reached skill level 10 in Fighting
 17973 | D:14     | Lost mutation: You possess an exceptional clarity of mind. [mutagenic meat]
 18170 | D:14     | Found a shadowy altar of Dithmenos.
 18175 | D:14     | Reached XP level 14. HP: 111/111 MP: 14/14
 18195 | D:15     | Entered Level 15 of the Dungeon
 18216 | D:15     | Reached skill level 12 in Dodging
 18587 | D:15     | Reached skill level 11 in Fighting
 18685 | D:15     | Lost mutation: You can translocate small distances at will. [mutagenic meat]
 18690 | D:15     | Gained mutation: Armour fits poorly on your strangely shaped body. [mutagenic meat]
 18691 | D:15     | Gained mutation: Your mind is acute. (Int +2) [mutagenic meat]
 18692 | D:15     | Lost mutation: You are weak. (Str -2) [mutagenic meat]
 18693 | D:15     | Lost mutation: Your natural rate of healing is unusually fast. [mutagenic meat]
 18695 | D:15     | Lost mutation: You are agile. (Dex +2) [mutagenic meat]
 18697 | D:15     | Gained mutation: You passively map the area around you. [mutagenic meat]
 19100 | D:15     | Found Ezacw's Gadget Shop.
 19109 | D:15     | Bought a phial of floods for 520 gold pieces
 19109 | D:15     | Bought a legendary deck of defence for 338 gold pieces
 19110 | D:15     | Bought a +5 rod of shadows (11/11) for 1345 gold pieces
 19123 | D:15     | Reached skill level 13 in Dodging
 19256 | D:15     | Found a staircase to the Depths.
 19267 | D:15     | Lost mutation: Your mind is acute. (Int +2) [potion of cure mutation]
 19267 | D:15     | Lost mutation: Armour fits poorly on your strangely shaped body. [potion of cure mutation]
 19267 | D:15     | Lost mutation: Your body sometimes deteriorates upon taking damage. [potion of cure mutation]
 19267 | D:15     | Lost mutation: You are occasionally teleported next to monsters. [potion of cure mutation]
 19267 | D:15     | Lost mutation: You passively map the area around you. [potion of cure mutation]
 19465 | D:15     | Received a gift from Trog
 19527 | D:15     | Noticed Urug
 19542 | D:15     | Killed Urug
 19542 | D:15     | Reached skill level 12 in Fighting
 19646 | D:15     | Found Huacsep's Armour Emporium.
 19685 | D:15     | Noticed Josephine
 19687 | D:15     | Killed Josephine
 20079 | Depths:1 | Entered Level 1 of the Depths
 20079 | Depths:1 | Noticed a fire giant
 20090 | D:15     | Killed a fire giant
 20273 | D:15     | Reached skill level 13 in Fighting
 20958 | D:15     | Found a staircase to the Depths.
 20977 | D:15     | Found Huacsep's Armour Emporium.
 21197 | D:15     | Reached skill level 14 in Fighting
 21250 | D:15     | Found Ezacw's Gadget Shop.
 21460 | Depths:1 | Noticed a lich
 21464 | Depths:1 | Paralysed by a lich for 6 turns
 21469 | Depths:1 | HP: 27/120 [deep troll earth mage (13)]
 21475 | Depths:1 | HP: 30/120 [poisoned by a tengu conjurer (bolt of poison)]
 21516 | Depths:1 | Reached XP level 15. HP: 54/126 MP: 15/15
 21518 | Depths:1 | HP: 21/126 [deep troll earth mage (25)]
 21550 | Depths:1 | Found a gateway to Hell.
 21556 | Depths:1 | Noticed a fire giant
 21564 | Depths:1 | Noticed a fire giant
 21567 | Depths:1 | HP: 6/126 [ogre mage/bolt of lightning (37)]
 21575 | Depths:1 | HP: 19/126 [centaur warrior/arrow (4)]
 21586 | Depths:2 | HP: 28/126 [tengu warrior/enchanted long sword[a tengu warrior] (2)]
 21594 | Depths:2 | Reached skill level 24 in Polearms
 21888 | Depths:2 | Received a gift from Trog
 22144 | Depths:2 | Noticed a golden dragon
 22173 | Depths:2 | HP: 17/126 [golden dragon (21)]
 22174 | Depths:2 | Killed a golden dragon
 22176 | Depths:2 | HP: 7/126 [poisoned by a merfolk aquamancer]
 22177 | Depths:2 | Mangled by a merfolk

Vault maps used:
D:1:      dpeg_arrival_pits
D:2:      uniq_jessica
D:3:      kennysheep_the_goblin_king, amethyst_overflow_temple_binary,
          first_bread
D:4:      kennysheep_goblin_castle, kennysheep_little_box, roderic_lattice_a,
          johnstein_pakellas_death_squad, uniq_robin
D:5:      kennysheep_generic_room_5
D:6:      minmay_temple_entry_grid, uniq_pikel, uniq_duvessa
D:7:      lemuel_crystal_altar, grunt_temple_overflow_cloverleaf
D:9:      lair_0_dummy, basic_altar, uniq_grum
D:10:     uniq_harold
D:11:     lemuel_reptile_caves, hiddenorc1_lemuel, the_bakery, uniq_maurice
D:12:     kennysheep_kobold_lugonu_temple
D:13:     hourglass_vault, david_vaults_5
D:14:     grunt_dithmenos_shadows, uniq_azrael, uniq_rupert
D:15:     hangedman_depths_entry_civil_slaughter, serial_shops, shop, shop,
          minmay_misc_feat_five, amethyst_killhole, minivault_16, st_stairs_11,
          uniq_josephine, uniq_urug
Depths:1: serial_bayou_pond_b, grunt_hell_horde, kennysheep_potato
Depths:2: hangedman_spin_cycle, hell_entry, abyss_entry

Skill      XL: |  1  2  3  4  5  6  7  8  9 10 11 12 13 14 15 |
---------------+----------------------------------------------+-----
Polearms       | 5 7 8 9 10 12 15 18 20 23 24 | 24.8
Armour         | 2 6 |  6.2
Dodging        | 6 11 13 | 13.1
Fighting       | 6 10 14 | 14.0

Action                   |  1- 3 |  4- 6 |  7- 9 | 10-12 | 13-15 || total
-------------------------+-------+-------+-------+-------+-------++-------
Melee: Spear             |   125 |   248 |   292 |       |       ||   665
       Halberd           |       |       |   273 |   277 |       ||   550
       Bite              |       |       |     8 |    91 |    84 ||   183
       Bardiche          |       |       |       |   432 |   638 ||  1070
       Trident           |       |       |       |    30 |    11 ||    41
       Tailslap          |       |       |       |     5 |     3 ||     8
Invok: Berserk           |     1 |     5 |     9 |    11 |    10 ||    36
       Burn Spellbooks   |       |     1 |       |       |     4 ||     5
       Brothers in Arms  |       |       |     1 |       |     8 ||     9
       Trog's Hand       |       |       |       |       |     4 ||     4
 Abil: Evoke Invisibilit |       |       |       |     2 |       ||     2
Evoke: Wand              |       |       |       |     3 |     5 ||     8
       Deck              |       |       |       |       |     6 ||     6
       Rod               |       |       |       |       |     2 ||     2
       Phial of floods   |       |       |       |       |     1 ||     1
  Use: Scroll            |     4 |     3 |     8 |     9 |    22 ||    46
       Potion            |       |       |     7 |       |    10 ||    17
 Stab: Sleeping          |     1 |       |       |       |       ||     1
       Invisible         |       |       |       |     6 |     4 ||    10
       Petrified         |       |       |       |       |     2 ||     2
  Eat: Chunk             |     1 |    16 |    27 |    26 |    57 ||   127
       Royal jelly       |       |       |       |     1 |       ||     1
       Pizza             |       |       |       |     1 |       ||     1
       Bread ration      |       |       |       |     1 |     3 ||     4
       Meat ration       |       |       |       |     1 |       ||     1
       Fruit             |       |       |       |     2 |     1 ||     3
       Beef jerky        |       |       |       |       |     1 ||     1
Armor: Animal skin       |    17 |     5 |       |       |       ||    22
       Chain mail        |       |    57 |   216 |   625 |   478 ||  1376
       Skin              |       |       |     5 |       |       ||     5
Dodge: Dodged            |    44 |    55 |   127 |   384 |   548 ||  1158

Vault maps used:
D:1:      dpeg_arrival_pits
D:2:      uniq_jessica
D:3:      kennysheep_the_goblin_king, amethyst_overflow_temple_binary,
          first_bread
D:4:      kennysheep_goblin_castle, kennysheep_little_box, roderic_lattice_a,
          johnstein_pakellas_death_squad, uniq_robin
D:5:      kennysheep_generic_room_5
D:6:      minmay_temple_entry_grid, uniq_pikel, uniq_duvessa
D:7:      lemuel_crystal_altar, grunt_temple_overflow_cloverleaf
D:9:      lair_0_dummy, basic_altar, uniq_grum
D:10:     uniq_harold
D:11:     lemuel_reptile_caves, hiddenorc1_lemuel, the_bakery, uniq_maurice
D:12:     kennysheep_kobold_lugonu_temple
D:13:     hourglass_vault, david_vaults_5
D:14:     grunt_dithmenos_shadows, uniq_azrael, uniq_rupert
D:15:     hangedman_depths_entry_civil_slaughter, serial_shops, shop, shop,
          minmay_misc_feat_five, amethyst_killhole, minivault_16, st_stairs_11,
          uniq_josephine, uniq_urug
Depths:1: serial_bayou_pond_b, grunt_hell_horde, kennysheep_potato
Depths:2: hangedman_spin_cycle, hell_entry, abyss_entry

Table legend:
 A = Turns spent in this place as a percentage of turns spent in the entire game.
 B = Non-inter-level travel turns spent in this place as a percentage of non-inter-level travel turns spent in the entire game.
 C = Inter-level travel turns spent in this place as a percentage of turns spent in this place.
 D = Turns resting spent in this place as a percentage of non-inter-level travel turns spent in this place.
 E = Turns spent auto-exploring this place as a percentage of non-inter-level travel turns spent in this place.
 F = Non-inter-level travel turns spent in this place divided by the number of levels of this place that you've seen.
                   A       B       C       D       E      F
               +-------+-------+-------+-------+-------+----------------------
         Total | 100.0 | 100.0 |   0.4 |   3.7 |  10.2 | 597.5
       Dungeon |  95.9 |  95.9 |   0.4 |   3.5 |  10.7 | 649.5
        Depths |   4.1 |   4.1 |   0.0 |   7.5 |   0.0 | 207.0
               +-------+-------+-------+-------+-------+----------------------

Table legend:
 A = Kills in this place as a percentage of kills in entire the game.
 B = Kills by you in this place as a percentage of kills by you in the entire game.
 C = Kills by friends in this place as a percentage of kills by friends in the entire game.
 D = Other kills in this place as a percentage of other kills in the entire game.
 E = Experience gained in this place as a percentage of experience gained in the entire game.
 F = Experience gained in this place divided by the number of levels of this place that you have seen.
                   A       B       C       D       E      F
               +-------+-------+-------+-------+-------+----------------------
         Total | 100.0 | 100.0 | 100.0 | 100.0 | 100.0 | 6027.5
       Dungeon |  95.7 |  96.9 |  73.1 |  50.0 |  82.6 | 5641.3
        Depths |   4.3 |   3.1 |  26.9 |  50.0 |  17.4 | 8924.0
               +-------+-------+-------+-------+-------+----------------------
